 Dungeon Crawl Stone Soup version 0.30-a0-49-g1cef19eb02 (webtiles) character file.

Game seed: 9760106113960689139

6108 ytrimaz the Fighter (level 11, 0/93 HPs)
             Began as a Formicid Fighter on Sept 2, 2022.
             Succumbed to a hornet's poison
             ... on level 9 of the Dungeon.
             The game lasted 00:12:48 (12355 turns).

ytrimaz the Fighter (Formicid Fighter)             Turns: 12355, Time: 00:12:49

Health: 0/93       AC: 11    Str: 25    XL:     11   Next: 12%
Magic:  11/11      EV: 10    Int:  8    God:
Gold:   227        SH: 12    Dex: 25    Spells: 10/10 levels left

rFire   + . .      SeeInvis +    a - +0 war axe (venom) {axe}
rCold   + . .      Faith    .    c - +1 buckler
rNeg    + + .      Spirit   .    g - +0 acid dragon scales
rPois   +          Reflect  +    (helmet unavailable)
rElec   +          Harm     .    C - +1 cloak of Ufiunis {rN++}
rCorr   +          Rampage  .    (no gloves)
Will    +....                    (no boots)
Stlth   ++........               w - amulet of reflection
HPRegen 0.25/turn                s - +6 ring of dexterity
MPRegen 0.12/turn                h - +6 ring of dexterity

@: lethally poisoned (0 -> -17), resistant, weakened
A: permanent stasis, dig shafts and tunnels, antennae 3, four strong arms
a: Dig, Shaft Self


You were on level 9 of the Dungeon.
You visited 2 branches of the dungeon, and saw 10 of its levels.

You collected 578 gold pieces.
You spent 351 gold pieces at shops.


Innate Abilities, Weirdness & Mutations

You cannot be hasted, slowed, berserked, paralysed or teleported.
You can dig through walls and to a lower floor.
You have a pair of large antennae on your head. (SInv)
Your four strong arms can wield two-handed weapons with a shield.


   Skills:
 + Level 11.5 Fighting
 + Level 7.6 Axes
 + Level 11.5 Armour
 - Level 4.0 Shields


You had 10 spell levels left.
You didn't know any spells.
Your spell library contained the following spells:

 Spells                   Type           Power      Damage    Failure   Level
 Poisonous Vapours        Pois/Air       0%         N/A       67%         2
 Summon Guardian Golem    Hex/Summ       0%         N/A       88%         3
 Corpse Rot               Necr/Pois/Air  0%         N/A       99%         4
 Leda's Liquefaction      Hex/Erth       0%         N/A       99%         4
 Lee's Rapid Deconstruct  Erth           0%         3d5*      100%        5
 Statue Form              Tmut/Erth      0%         N/A       100%        6
 Orb of Destruction       Conj           0%         9d5       100%        7
 Spellforged Servitor     Conj/Summ      0%         N/A       100%        7

Inventory:

Hand Weapons
 a - a +0 war axe of venom (weapon) {axe}
 j - a +2 battleaxe {axe}
   (You took it off a wight on level 8 of the Dungeon)
 x - a +1 hand axe of flaming {axe}
   (You took it off an orc on level 7 of the Dungeon)
Missiles
 e - 56 stones {throwing}
 k - 12 boomerangs {throwing}
 o - 25 poisoned darts {throwing}
 p - 5 atropa-tipped darts {throwing}
 q - 2 boomerangs of dispersal {=f!fthrowing}
Armour
 c - a +1 buckler (worn)
 g - +0 acid dragon scales (worn)
   (You found it on level 8 of the Dungeon)
 C - the +1 cloak of Ufiunis (worn) {rN++}
   (You bought it in a shop on level 6 of the Dungeon)

   rN:        It greatly protects you from negative energy.
 G - a +0 chain mail
   (You found it on level 2 of the Dungeon)
Magical Staves
 r - a staff of poison {!astaff}
   (You found it on level 3 of the Dungeon)
Jewellery
 h - a +6 ring of dexterity (right hand)
   (You took it off an orc on level 8 of the Dungeon)
 s - a +6 ring of dexterity (left hand)
   (You found it on level 4 of the Dungeon)
 w - an amulet of reflection (around neck)
   (You found it on level 4 of the Dungeon)
 E - a ring of flight
   (You found it on level 6 of the Dungeon)
Wands
 v - a wand of quicksilver (14)
   (You took it off Ijyb on level 4 of the Dungeon)
 z - a wand of flame (14)
   (You found it on level 5 of the Dungeon)
Scrolls
 d - 2 scrolls of immolation {!r!r}
 t - 2 scrolls of enchant weapon
 u - 2 scrolls of torment {!r}
Potions
 b - a potion of haste {@q3}
 m - 5 potions of attraction {!q}
 n - a potion of flight
 A - a potion of heal wounds {unknown}
 D - 2 potions of cancellation

Dungeon Overview and Level Annotations

Branches:
Dungeon (9/15) Zot: 26324  Temple (1/1) D:4 Zot: 5855    Lair (0/5) D:9
    Orc: D:9-12

Altars:
Ashenzari
Cheibriados
Elyvilon
Fedhas
Gozag
Hepliaklqana
Kikubaaqudgha
Makhleb
Nemelex Xobeh
Okawaru
Qazlal
Ru
Sif Muna
Trog
Uskayaw
Vehumet
Wu Jian
Xom
Yredelemnul
The Shining One

Shops:
D:6 *

Annotations:
D:8 3 runed translucent doors, ChongLi's ghost, novice DrTm

#.......#..# .. #.....
#..## ...
####...###...# ...
#.........#..## #....#
#/........##..####.##.#
#######)).......<..[#.#
#.)^..##..##..#.#
#.†y..##..##..#.#
#.@...##...#..#.#
#.)...####..>.#.###
#......)..........#
#......####)##..#.#
#......# #.....#.#
##+#..)# ##....#†#
#...# #.#....# #....
[..#..#.#
#....#######.†..


You could see a hornet (poisoned).


Message History

😮 HP[-8]
You take 8 damage, and now have 56/93 hp.
Unknown command.
You hit the hornet.
The hornet is poisoned.
You hit the warg but do no damage. You closely miss the gnoll.
The hornet stings you.
You are poisoned.
Your stasis prevents you from being slowed.
The gnoll hits you but does no damage. The warg bites you but does no damage.
The hornet stings you!
You are more poisoned.
Your stasis prevents you from being slowed.
The gnoll barely misses you. 😮 HP[-7]
You take 7 damage, and now have 49/93 hp.
The warg attacks as you move away! The warg closely misses you.
The hornet attacks as you move away! The hornet stings you.
Your stasis prevents you from being slowed.
You feel very sick.
The warg enters a dispersal trap!
The gnoll blinks!
The hornet blinks!
The gnoll bouda blinks!
The gnoll blinks!
The hornet blinks!
The gnoll blinks!
The hornet blinks!
You feel a strange sense of stasis.
The warg blinks!
The gnoll bouda gazes fiercely through you!
You feel as though you will be weak longer.
You closely miss the gnoll.
You feel less invigorated.
You feel less confused.
You feel very sick.
You kill the gnoll! 😨 HP[-4]
You take 4 damage, and now have 45/93 hp.
You barely miss the hornet. You hit the gnoll bouda.
The gnoll bouda is poisoned.
You feel very sick. The hornet stings you.
* * * LOW HITPOINT WARNING * * *
Your stasis prevents you from being slowed.
The gnoll bouda hits you but does no damage.
The hornet stings you!
* * * LOW HITPOINT WARNING * * *
Your stasis prevents you from being slowed.
The warg enters a dispersal trap!
The hornet blinks!
The gnoll bouda blinks!
The hornet blinks!
The gnoll bouda blinks! x2
You feel a strange sense of stasis.
The warg blinks! 😨 HP[-15]
You take 15 damage, and now have 30/93 hp.
Unknown command.
Okay, then.
Unknown command.
You slash the warg!
You feel very sick.
The warg bites you but does no damage. 😨 HP[-3]
You take 3 damage, and now have 27/93 hp.
Unknown command.
You feel sick.
The gnoll bouda gazes fiercely through you!
You feel as though you will be weak longer.
You block the gnoll bouda's attack. 😨 HP[-1]
You take 1 damage, and now have 26/93 hp.
You hit the gnoll bouda.
The gnoll bouda looks as sick as possible!
You miss the warg.
You feel sick. You block the warg's attack. You block the gnoll bouda's attack.
The warg barely misses you. 😨 HP[-1]
You take 1 damage, and now have 25/93 hp.
You hit the gnoll bouda but do no damage.
The gnoll bouda looks as sick as possible!
You slash the warg!
You kill the warg!
You feel sick.
The gnoll bouda hits you but does no damage.
The hornet stings you.
* * * LOW HITPOINT WARNING * * *
You are more poisoned.
Your stasis prevents you from being slowed. 😱 HP[-4]
You take 4 damage, and now have 21/93 hp.
You hit the hornet. You hit the gnoll bouda.
The gnoll bouda looks as sick as possible!
You feel very sick.
You kill the gnoll bouda!
You block the hornet's attack. The hornet stings you!
* * * LOW HITPOINT WARNING * * *
You are lethally poisoned!
Your stasis prevents you from being slowed. 😱 HP[-12]
You take 12 damage, and now have 9/93 hp.
You barely miss the hornet.
* * * LOW HITPOINT WARNING * * *
You feel very sick. You block the hornet's attack.
The hornet barely misses you. 😱 HP[-6]
You take 6 damage, and now have 3/93 hp.
Unknown command.
It was a potion of resistance.
You feel protected.
You die...

Skill      XL: |  1  2  3  4  5  6  7  8  9 10 |
---------------+-------------------------------+-----
Fighting       | 5 6 8 9 11 | 11.5
Armour         | 5 6 8 9 11 | 11.5
Axes           | 5 7 |  7.6
Shields        | |  4.0

Action                   |  1- 3 |  4- 6 |  7- 9 | 10-12 || total
-------------------------+-------+-------+-------+-------++-------
Melee: War axe           |    68 |    76 |   276 |   258 ||   678
 Abil: Dig               |       |       |     1 |       ||     1
  Use: Scroll            |     2 |     5 |     5 |     6 ||    18
       Potion            |     1 |       |     3 |     6 ||    10
Armor: Scale mail        |    35 |    52 |    86 |       ||   173
       Chain mail        |       |       |    36 |    23 ||    59
       Acid dragon scale |       |       |       |    60 ||    60
Dodge: Dodged            |    30 |    47 |   115 |   107 ||   299
Block: Buckler           |    15 |    34 |   181 |   180 ||   410
       Reflection        |       |       |     1 |     5 ||     6

Levels and vault maps discovered:
D:1:      minmay_arrival_semitransparent, layout_loops_ring,
          serial_co_window_serial, co_window_paths_a, co_window_paths_a,
          co_window_paths_a, co_window_paths_a, co_window_paths_a,
          co_window_broadway_a, co_window_2corner, co_window_corner_ca,
          co_window_of_opportunity_b, co_window_of_opportunity_b,
          glass_columns_a, glass_columns_c, glass_columns_a,
          hellmonk_ecumenical_altar_zigzags
D:2:      layout_basic, uniq_jessica, uniq_sigmund
D:3:      layout_basic, amcnicky_altar_gilded, st_stairs_14, uniq_robin,
          uniq_natasha
D:4:      layout_rooms, nicolae_overflow_hidden_temple,
          minmay_temple_entry_purple_smoke, lightli_sewer_entry_pipes,
          serial_park_tiny_1, uniq_ijyb, uniq_menkaure, uniq_pikel
D:5:      layout_loops_ring
D:6:      layout_layer_cave, ashenzari_altar_1, chequers_jeans,
          nicolae_shop_sticking_my_neck_out
D:7:      wander_guarded_unrand_ratskin, layout_rooms, eino_jars
D:8:      layout_loops_ring, nicolae_overflow_two_pavilions,
          mainiacjoe_overflow_small_starburst, serial_glass, glass_columns_b,
          glass_columns_a, gammafunk_ghost_icy, sigmund_army
D:9:      layout_basic, erik_lair_orcish_takeover, serial_shops, shop,
          grunt_potential, uniq_maurice
Temple:   nicolae_temple_hex_pool

Notes
Turn   | Place    | Note
-------+----------+-------------------------------------------
     0 | D:1      | ytrimaz the Formicid Fighter began the quest for the Orb.
     0 | D:1      | Reached XP level 1. HP: 18/18 MP: 1/1
     0 | D:1      | magus.rc [v1.9.6]
   121 | D:1      | Found a faded altar of an unknown god.
   311 | D:1      | Reached XP level 2. HP: 24/24 MP: 2/2
   863 | D:1      | Reached XP level 3. HP: 30/30 MP: 3/3
  1222 | D:2      | You pick up a book of Dangerous Friends and begin
                  | reading...
  1222 | D:2      | You add the spells Summon Guardian Golem, Orb of
                  | Destruction and Spellforged Servitor to your library.
  1241 | D:2      | Reached skill level 4 in Fighting
  1241 | D:2      | Reached skill level 4 in Armour
  1366 | D:2      | You pick up a book of the Earth and begin reading...
  1366 | D:2      | You add the spells Leda's Liquefaction, Lee's Rapid
                  | Deconstruction and Statue Form to your library.
  1645 | D:2      | Noticed Sigmund
  1658 | D:2      | Killed Sigmund
  1659 | D:2      | Reached skill level 5 in Fighting
  1659 | D:2      | Reached skill level 5 in Armour
  1659 | D:2      | Reached XP level 4. HP: 16/39 MP: 4/4
  1659 | D:2      | Reached XP level 5. HP: 18/44 MP: 5/5
  1659 | D:2      | Reached XP level 6. HP: 21/51 MP: 6/6
  1874 | D:2      | Noticed Jessica
  1883 | D:2      | Killed Jessica
  2389 | D:3      | Noticed Robin
  2412 | D:3      | Killed Robin
  2964 | D:3      | Found an opulent altar of Gozag.
  2991 | D:3      | Reached skill level 6 in Fighting
  3192 | D:3      | Noticed Natasha
  3198 | D:3      | Killed Natasha
  3199 | D:3      | Reached skill level 6 in Armour
  3237 | D:3      | Noticed Natasha
  3244 | D:3      | Reached XP level 7. HP: 56/58 MP: 7/7
  3252 | D:3      | Killed Natasha
  3500 | D:3      | Noticed Natasha
  3516 | D:3      | Killed Natasha
  3714 | D:4      | Noticed Menkaure
  3725 | D:4      | Killed Menkaure
  3971 | D:4      | Reached skill level 7 in Fighting
  3971 | D:4      | Reached skill level 7 in Armour
  3973 | D:4      | Found a staircase to the Ecumenical Temple.
  3974 | D:4      | Identified the +6 quarterstaff of Iniph {flame, *Corrode
                  | Fly Int+3}
  3982 | Temple   | Entered the Ecumenical Temple
  4176 | D:4      | Noticed Ijyb
  4193 | D:4      | Killed Ijyb
  4381 | D:4      | Noticed Pikel
  4392 | D:4      | HP: 15/60 [Pikel/+2 whip of flaming (1)]
  4405 | D:4      | HP: 9/60 [lemure[Pikel] (8)]
  4410 | D:4      | HP: 6/60 [lemure[Pikel] (5)]
  4415 | D:3      | HP: 7/60 [lemure[Pikel] (5)]
  4797 | D:3      | HP: 13/60 [Pikel/+2 whip of flaming (4)]
  4799 | D:3      | HP: 6/60 [Pikel/+2 whip of flaming (2)]
  4801 | D:3      | Killed Pikel
  4802 | D:3      | Reached skill level 8 in Fighting
  4802 | D:3      | Reached skill level 8 in Armour
  4802 | D:3      | Reached XP level 8. HP: 4/68 MP: 8/8
  5539 | D:4      | Found a burning altar of Makhleb.
  5542 | D:4      | Found a sparkling altar of Nemelex Xobeh.
  5544 | D:4      | Found a blossoming altar of Fedhas.
  5651 | D:5      | Entered Level 5 of the Dungeon
  5675 | D:5      | Reached XP level 9. HP: 40/75 MP: 9/9
  5977 | D:5      | Identified the +1 leather armour "Archenari" {Int+5}
  6074 | D:5      | Reached skill level 3 in Axes
  6374 | D:5      | Reached skill level 9 in Fighting
  6374 | D:5      | Reached skill level 9 in Armour
  7062 | D:6      | Found Unemap's Neck Hole.
  7070 | D:6      | Bought the +1 cloak of Ufiunis {rN++} for 351 gold pieces
  7190 | D:6      | Reached skill level 4 in Axes
  7801 | D:6      | Found a broken altar of Ashenzari.
  8609 | D:7      | You pick up a book of Vapours and begin reading...
  8609 | D:7      | You add the spells Poisonous Vapours and Corpse Rot to your
                  | library.
  9101 | D:7      | Reached skill level 5 in Axes
  9262 | D:7      | Reached XP level 10. HP: 64/85 MP: 10/10
  9383 | D:7      | Reached skill level 10 in Fighting
  9383 | D:7      | Reached skill level 10 in Armour
  9731 | D:7      | Found the +2 ratskin cloak {*Rats rPois rN+ Str-1 Int-1
                  | Dex+1}
  9944 | D:8      | Noticed ChongLi's ghost (novice DrTm)
  9997 | D:8      | Reached skill level 6 in Axes
 10172 | D:8      | Identified the +7 scimitar of Xeirot {protect, Contam rPois
                  | Str+2 Dex+4}
 10203 | D:8      | Found an iron altar of Okawaru.
 10218 | D:8      | Found a runed translucent gate.
 10218 | D:8      | Found a runed translucent gate.
 10218 | D:8      | Found a runed translucent gate.
 11122 | D:8      | Found a sacrificial altar of Ru.
 11122 | D:8      | Found a glowing golden altar of the Shining One.
 11749 | D:9      | Reached skill level 11 in Fighting
 11757 | D:9      | Reached skill level 11 in Armour
 11764 | D:9      | Reached skill level 7 in Axes
 11869 | D:9      | Found a staircase to the Lair.
 11895 | D:9      | HP: 18/88 [orc priest/divine providence (15)]
 11895 | D:9      | HP: 6/88 [warg (12)]
 11896 | D:9      | HP: 2/88 [orc priest/divine providence (12)]
 12246 | D:9      | Reached XP level 11. HP: 73/93 MP: 11/11
 12352 | D:9      | HP: 21/93 [hornet (3)]
 12353 | D:9      | HP: 9/93 [hornet (9)]
 12354 | D:9      | HP: 3/93 [poisoned by a hornet]
 12355 | D:9      | Succumbed to a hornet's poison

Vanquished Creatures
  Pikel (D:3)
  Sigmund (D:2)
  10 yaks (D:9)
  A vampire (D:8)
  A wyvern (D:8)
  Menkaure (D:4)
  3 wargs (D:9)
  An acid dragon (D:8)
  A water moccasin (D:7)
  3 ice beasts
  2 orc warriors
  2 black bears
  A centaur (D:8)
  4 lemures
  2 kobold brigands
  2 bullfrogs (D:6)
  A gnoll sergeant (D:7)
  3 scorpions
  3 necrophages
  4 wights (D:8)
  6 killer bees (D:7)
  A lava snake (D:8)
  3 hounds
  A jelly (D:6)
  2 orc priests
  A gnoll bouda (D:9)
  Jessica (D:2)
  An iguana (D:5)
  Ijyb (D:4)
  3 hell rats (D:7)
  Natasha (thrice) (D:3)
  6 orc wizards
  Robin (D:3)
  13 gnolls
  18 river rats
  10 adders
  A shadow imp (D:7)
  An ufetubus (D:6)
  5 worms
  4 dart slugs
  33 orcs
  3 endoplasms
  4 giant cockroaches
  14 goblins
  16 hobgoblins
  4 jackals (D:3)
  10 kobolds
  A quokka (D:2)
  3 ball pythons
  6 bats
  2 frilled lizards
  4 rats
229 creatures vanquished.

Vanquished Creatures (others)
  An orc wizard (D:3)
  2 plants (D:9)
3 creatures vanquished.

Grand Total: 232 creatures vanquished

Table legend:
 A = Non-vault XP
 B = Vault XP
 C = Vault XP percentage of total XP
 D = Non-vault monster count
 E = Vault monster count
 F = Vault count percentage of total count
                 A         B        C        D         E       F
            +---------+---------+-------+---------+---------+-------
      Total |    6150 |    2576 |  29.5 |     155 |      71 |  31.4
            +---------+---------+-------+---------+---------+-------
        D:1 |      30 |       0 |   0.0 |      19 |       0 |   0.0
        D:2 |      34 |     263 |  88.6 |      11 |       2 |  15.4
        D:3 |     251 |     747 |  74.8 |      26 |      16 |  38.1
        D:4 |     122 |     296 |  70.8 |       5 |      12 |  70.6
        D:5 |     743 |       0 |   0.0 |      25 |       0 |   0.0
        D:6 |     639 |       0 |   0.0 |      16 |       0 |   0.0
        D:7 |     639 |     669 |  51.1 |      16 |      24 |  60.0
        D:8 |    1512 |      20 |   1.3 |      23 |      10 |  30.3
        D:9 |    2180 |     581 |  21.0 |      14 |       7 |  33.3
            +---------+---------+-------+---------+---------+-------

Illustrated notes

Table legend:
 A = Kills in this place as a percentage of kills in entire the game.
 B = Kills by you in this place as a percentage of kills by you in the entire game.
 C = Kills by friends in this place as a percentage of kills by friends in the entire game.
 D = Other kills in this place as a percentage of other kills in the entire game.
 E = Experience gained in this place as a percentage of experience gained in the entire game.
 F = Experience gained in this place divided by the number of levels of this place that you have seen.
                   A       B       C       D       E      F
               +-------+-------+-------+-------+-------+----------------------
         Total | 100.0 | 100.0 |   N/A | 100.0 | 100.0 | 872.6
       Dungeon | 100.0 | 100.0 |   N/A | 100.0 | 100.0 | 969.6
               +-------+-------+-------+-------+-------+----------------------

Table legend: (Time is in decaauts)
 A = Elapsed time spent in this place.
 B = Non-inter-level travel time spent in this place.
 C = Inter-level travel time spent in this place.
 D = Time resting spent in this place.
 E = Time spent auto-exploring this place.
 F = Levels seen in this place.
 G = Mean time per level.
                   A        B        C        D        E       F      G
               +--------+--------+--------+--------+--------+-----+--------+
         Total |  12624 |  12189 |    435 |   1184 |   9054 |  10 | 1262.4 |
       Dungeon |  12480 |  12064 |    416 |   1184 |   8940 |   9 | 1386.7 |
        Temple |    144 |    125 |     19 |      0 |    114 |   1 |  144.0 |
               +--------+--------+--------+--------+--------+-----+--------+

Top non-repeatable levels by time:
     D:3: 2347 daAuts
     D:8: 1761 daAuts
     D:7: 1697 daAuts
     D:6: 1593 daAuts
     D:5: 1265 daAuts
     D:1: 1222 daAuts
     D:4: 1121 daAuts
     D:2: 1097 daAuts
     D:9: 372 daAuts
  Temple: 144 daAuts
